 Dungeon Crawl Stone Soup version 0.26.0-5-gb5863c6483 (webtiles) character file.

Game seed: 5740296306819017143

77 Crag the Sneak (level 4, -1/25 HPs)
             Began as a Kobold Enchanter on Jan 10, 2021.
             Slain by an ogre
             ... wielding a +0 giant club
              (26 damage)
             ... on level 4 of the Dungeon.
             The game lasted 00:17:08 (3770 turns).

Crag the Sneak (Kobold Enchanter)                   Turns: 3770, Time: 00:17:08

Health: -1/25      AC:  2    Str:  6      XL:     4   Next: 60%
Magic:  4/7        EV: 16    Int: 15 (16) God:
Gold:   242        SH:  0    Dex: 15      Spells: 3/7 levels left

rFire    . . .     SeeInvis .   a - +1 dagger
rCold    . . .     Faith    .   (shield restricted)
rNeg     . . .     Spirit   .   b - +0 robe
rPois    +         Reflect  .   (no helmet)
rElec    .         Harm     .   (no cloak)
rCorr    .         Rampage  .   (no gloves)
Will     .....                  (no boots)
Stlth    ++++......             (no amulet)
HPRegen  0.08/turn              d - ring of wizardry
MPRegen  0.10/turn              j - ring of poison resistance

@: confusing touch
A: small, nightstalker 3
a: no special abilities


You were on level 4 of the Dungeon.
You visited 1 branch of the dungeon, and saw 4 of its levels.

You collected 242 gold pieces.

Inventory:

Hand Weapons
 a - a +1 dagger (weapon)
Missiles
 g - 140 stones
 h - 29 sling bullets
 r - 2 throwing nets
Armour
 b - a +0 robe (worn)
 f - a +0 leather armour
Jewellery
 d - a ring of wizardry (left hand)
 j - a ring of poison resistance (right hand)
 s - an uncursed ring of ice
Wands
 p - a wand of polymorph (9)
Scrolls
 c - a scroll of identify {unknown}
 e - a scroll of fog {unknown}
 i - a scroll of fear {unknown}
 l - a scroll of enchant weapon {unknown}
 m - 2 scrolls of teleportation {unknown}
 n - a scroll of remove curse {unknown}
 q - a scroll of amnesia {unknown}
Potions
 k - a potion of flight
 o - a potion of curing
 t - a potion of mutation {unknown}


   Skills:
 + Level 1.4 Fighting
 * Level 3.1 Short Blades
 + Level 3.0 Dodging
 + Level 4.6 Stealth
 + Level 2.3 Spellcasting
 + Level 3.3 Hexes


You had 3 spell levels left.
You knew the following spells:

 Your Spells              Type           Power        Failure   Level
a - Corona                Hex            12%          2%          1
b - Confusing Touch       Hex            11%          6%          3

Your spell library contained the following spells:

 Spells                   Type           Power        Failure   Level
 Ensorcelled Hibernation  Hex/Ice        12%          6%          2
 Tukima's Dance           Hex            11%          6%          3
 Dazzling Flash           Conj/Hex       12%          13%         3


Dungeon Overview and Level Annotations

Branches:
Dungeon (4/15)
 Temple: D:4-7

Altars:

Annotations:
D:3 Robin, Terence


Innate Abilities, Weirdness & Mutations

You are small and have problems with some larger weapons.
You are completely attuned to the shadows.


Message History

You kill the jackal!
There is a stone staircase leading up here.
You start resting.
HP restored.
There is a stone staircase leading down here.
You see here a jackal corpse.
Okay, then.
You can't see any susceptible monsters within range! (Use Z to cast anyway.) Unknown command.
There is a stone staircase leading down here.
You see here a jackal corpse.
Casting: Corona (safe; 2% risk of failure)
Confirm with . or Enter, or press ? or * to list all spells.
The spell is quite dangerous to cast (6% risk of failure)!
Continue anyway?
Your hands begin to glow red.
You climb downwards.
The worker ant barely misses you. The ogre completely misses you.
The worker ant barely misses you.
The ogre hits you with a +0 giant club!!
Ouch! That really hurt!
You die...

.........
.........
#
...h...#
.
.....B.#.
.
....@....
.
.....O...
#
....#....
# ....
#... ##..
... . . .


You could see an ogre, a worker ant and a jackal (wandering).

Vanquished Creatures
  3 adders
  An ooze (D:1)
  A dart slug (D:1)
  3 leopard geckos
  A giant cockroach (D:1)
  5 goblins
  7 hobgoblins
  3 jackals (D:3)
  6 kobolds
  A quokka (D:3)
  4 bats
  A frilled lizard (D:1)
  4 rats
40 creatures vanquished.

Vanquished Creatures (others)
  6 plants (D:1)
6 creatures vanquished.

Grand Total: 46 creatures vanquished

Notes
Turn   | Place    | Note
-------+----------+-------------------------------------------
     0 | D:1      | Crag the Kobold Enchanter began the quest for the Orb.
     0 | D:1      | Reached XP level 1. HP: 10/10 MP: 3/3
   440 | D:1      | Reached XP level 2. HP: 16/16 MP: 1/5
  1276 | D:1      | Reached XP level 3. HP: 20/20 MP: 6/6
  1796 | D:1      | HP: 1/20 [hobgoblin/cursed -1 club (3)]
  1798 | D:1      | Reached skill level 1 in Fighting
  2117 | D:1      | Learned a level 3 spell: Confusing Touch
  2793 | D:2      | Reached XP level 4. HP: 15/25 MP: 7/7
  3230 | D:3      | Noticed Terence
  3304 | D:3      | Noticed Robin
  3516 | D:4      | Noticed a lemure
  3565 | D:4      | Noticed an ogre
  3770 | D:4      | Slain by an ogre

Illustrated notes

Levels and vault maps discovered:
D:1:      lemuel_arrival_broad_hall, layout_loops_ring, serial_bayou,
          serial_bayou_lagoon_a, serial_bayou_shore_b, serial_bayou_crossing,
          serial_bayou_lake_a, glass_columns_a
D:2:      layout_loops_ring
D:3:      layout_basic, kennysheep_generic_room_13, uniq_robin, uniq_jessica,
          uniq_terence, uniq_natasha
D:4:      layout_cave_pools, uniq_pikel, uniq_duvessa

Skill      XL: |  1  2  3  4 |
---------------+-------------+-----
Short Blades   | 2 3 |  3.1
Fighting       | 1 |  1.4
Dodging        | 3 |  3.0
Stealth        | |  4.6
Spellcasting   | |  2.3
Hexes          | |  3.3

Action                   |  1- 3 |  4- 6 || total
-------------------------+-------+-------++-------
Melee: Dagger            |   152 |    50 ||   202
 Cast: Corona            |    19 |     1 ||    20
       Confusing Touch   |       |     1 ||     1
  Use: Potion            |     4 |       ||     4
 Stab: Sleeping          |     8 |     5 ||    13
Armor: Robe              |    17 |    12 ||    29
Dodge: Dodged            |    89 |    59 ||   148
